AoeStats
← Franto_36

Arabia

508935755Analyzed
1v1 RM · 8d ago on Sep 24, 2026· 28m 58s· 2 players
Game mode
Random Map
Map size
Tiny (2 player)
Population
200
Speed
Normal
Resources
Standard
Victory
Conquest
Starting age
Dark Age
Ending age
Imperial Age
RankedLock teamsTeams togetherTeam positionsShared explorationLock speedFull tech treeHidden civsTurbo modeCheats
Victory
Defeat
🇸🇰 Teutons · Slovakia
829
+15
🇭🇺 Berbers · Hungary
814
-15
csab94
7:44 Loom
10:35 Feudal Age
30:45 Castle Age
Franto_36
7:24 Loom
9:35 Feudal Age
10:21 Double-Bit Axe
10:54 Horse Collar
14:48 Town Watch
16:53 Wheelbarrow
16:38 Bloodlines
17:40 Forging
19:17 Fletching
24:09 Castle Age
23:09 Gold Mining
23:13 Stone Mining
25:25 Hand Cart
26:00 Heavy Plow
26:11 Bow Saw
26:14 Bodkin Arrow
Connection lost

Rejoining the realm…

Still unreachable

The connection could not be restored.

Session expired

The server has moved on; the page needs a fresh start.